 Dungeon Crawl Stone Soup version 0.31-a0-1025-g2e47921a08 (webtiles) character file.

Game seed: 3647499895497785345

5740 senseless the Skirmisher (level 10, 0/82 (90) HPs)
             Began as a Demigod Hunter on Nov 17, 2023.
             Slain by a spectral orc warlord (11 damage)
             ... summoned by Nergalle
             ... on level 10 of the Dungeon.
             The game lasted 00:18:52 (9041 turns).

senseless the Skirmisher (Demigod Hunter)           Turns: 9041, Time: 00:18:52

HP:   0/82 (90)     AC: 11    Str: 15    XL:     10   Next: 25%
MP:   13/13         EV: 21    Int: 11    God:
Gold: 1048          SH:  0    Dex: 29    Spells: 9/9 levels left

rFire   . . .        b - +5 scythe (flame)
rCold   . . .        (shield currently unavailable)
rNeg    . . .        P - +2 robe of the Buccaneer {rElec Str-3 SInv Stlth+}
rPois   .            f - +1 helmet
rElec   +            (no cloak)
rCorr   .            y - +0 pair of gloves
SInv    +            (no boots)
Will    +....        (no amulet)
Stlth   +++          m - +4 ring of protection
HPRegen 0.33/turn    J - +6 ring of strength
MPRegen 0.13/turn

%: no passive effects
@: drained
A: high MP 1, forlorn, divine attributes
a: no special abilities


You were on level 10 of the Dungeon.
You visited 1 branch of the dungeon, and saw 10 of its levels.

You collected 1048 gold pieces.

Inventory:

Hand Weapons
 a - a +0 orcbow
 b - a +5 scythe of flaming (weapon)
 j - a +2 dagger of speed
 k - a +0 shortbow of electrocution
 u - a +5 whip of draining
Missiles
 q - 2 throwing nets
Armour
 c - a +0 leather armour
 f - a +1 helmet (worn)
 w - the +0 robe "Vuejam" {Rampage rPois}
   (You took it off a hobgoblin on level 4 of the Dungeon)

   rPois:     It protects you from poison Rampage: It bestows one free step when
   moving towards enemies.
 y - a +0 pair of gloves (worn)
 G - a +1 robe of willpower
 P - the +2 robe of the Buccaneer (worn) {rElec Str-3 SInv Stlth+}
   (You found it on level 9 of the Dungeon)

   Str-3:     It affects your strength (-3).
   rElec:     It insulates you from electricity.
   SInv:      It lets you see invisible.
   Stlth+:    It makes you more stealthy.
Jewellery
 l - a ring of willpower
 m - a +4 ring of protection (left hand)
 p - a ring of magical power
 J - a +6 ring of strength (right hand)
Talismans
 H - a serpent talisman
 I - a dragon-blood talisman
 N - a blade talisman
Wands
 t - a wand of paralysis (14) (quivered)
 A - a wand of quicksilver (17)
 F - a wand of iceblast (14)
 M - a wand of polymorph (8)
Scrolls
 d - 2 scrolls of revelation
 e - 2 scrolls of fear
 g - 2 scrolls of identify
 h - a scroll of teleportation
 n - 2 scrolls of butterflies
 x - a scroll of poison
 z - a scroll of blinking
 B - 2 scrolls of vulnerability
 D - a scroll of fog {unknown}
 L - 2 scrolls of amnesia
Potions
 i - 2 potions of brilliance
 o - 3 potions of heal wounds
 r - 2 potions of degeneration
 s - 4 potions of curing
 v - 3 potions of lignification
 C - a potion of might
 E - 2 potions of enlightenment
 K - 2 potions of mutation
 O - 2 potions of berserk rage {unknown}


   Skills:
 + Level 8.7 Fighting
 + Level 9.1 Ranged Weapons
 + Level 8.6 Dodging
 - Level 0.8 Stealth


You had 9 spell levels left.
You didn't know any spells.
Your spell library contained the following spells:

 Spells                   Type           Power      Damage    Failure   Level
 Kiss of Death            Conj/Necr      0%         2d5       34%         1
 Necrotise                Necr           0%         1d4       34%         1
 Sting                    Tmut/Pois      0%         1d3       34%         1
 Poisonous Vapours        Pois/Air       0%         N/A       47%         2
 Confusing Touch          Hex            0%         N/A       71%         3
 Vampiric Draining        Necr           0%         2d6       71%         3
 Animate Dead             Necr           0%         N/A       98%         4
 Dispel Undead            Necr           0%         3d6       98%         4
 Olgreb's Toxic Radiance  Pois           0%         N/A       98%         4
 Agony                    Necr           0%         N/A       100%        5
 Haunt                    Necr/Summ      0%         N/A       100%        7
 Infestation              Necr           0%         N/A       100%        8


Dungeon Overview and Level Annotations

Branches:
Dungeon (10/15)            Temple (0/1) D:5
   Lair: D:8-11         Orc: D:9-12

Annotations:
D:10 Nergalle


Innate Abilities, Weirdness & Mutations

You have an increased reservoir of magic. (+10% MP)
You shall have no god before yourself.
Your divine heritage dramatically boosts your attributes as you level up.


Message History

The spectral orc warrior hits you from afar with a +0 halberd.
You feel drained. The spectral orc warlord hits you.
The spectral orc completely misses you.
The spectral orc warrior hits you with a +0 morningstar.
You feel drained. Nergalle casts a spell at you.
Orcish apparitions take form around you.
The spectral orc knight misses you. The spectral orc warrior misses you.
The spectral orc warrior completely misses you.
You puncture Nergalle! You burn Nergalle.
Nergalle is severely wounded.
The spectral orc warrior barely misses you.
The spectral orc warlord closely misses you.
The spectral orc misses you.
The spectral orc warrior closely misses you.
The spectral orc knight closely misses you.
The spectral orc warrior completely misses you.
Nergalle hits you with a +0 dagger.
The spectral orc warrior closely misses you.
The spectral orc warrior misses you.
The spectral orc warlord completely misses you.
The spectral orc completely misses you. Nergalle hits you with a +0 dagger.
The spectral orc warrior completely misses you.
The spectral orc warrior hits you from afar with a +0 trident.
The spectral orc knight misses you.
You hit Nergalle but do no damage.
Nergalle is heavily wounded.
The spectral orc warrior misses you. x3; The spectral orc warlord hits you!
You feel drained. The spectral orc warrior misses you.
The spectral orc completely misses you. Nergalle completely misses you.
The spectral orc knight hits you with a +0 war axe!!
* * * LOW HITPOINT WARNING * * *
The spectral orc warrior barely misses you.
The spectral orc warrior misses you.
You hit Nergalle but do no damage.
Nergalle is heavily wounded.
The spectral orc warrior hits you from afar with a +0 halberd!
* * * LOW HITPOINT WARNING * * *
The spectral orc warlord hits you!
You die...

#.# ####.# ..#
+..#.# ..# #..#.#
..##### #####..'<#
....... #......#.#
.......
#......#.###.....).
#......#..Z.Z......
#..##'##.ZZ@oZ.....
####......ZZ.Z.....
#....##+###+####
#....# #....#
#....# #....#
######


You could see Nergalle, a spectral orc (summoned), 5 spectral orc warriors, a
spectral orc knight (summoned) and a spectral orc warlord (summoned).

Vanquished Creatures
  Lodul (D:9)
  Pikel (D:8)
  Jeremiah (D:7)
  A troll (D:9)
  Grinder (D:4)
  Sigmund (D:2)
  A wyvern (D:9)
  4 yaks (D:10)
  A water moccasin (D:9)
  2 ice beasts
  An orc warrior (D:9)
  A sky beast (D:7)
  A black bear (D:6)
  3 ogres
  4 centaurs
  A phantom (D:6)
  4 kobold brigands
  3 bullfrogs (D:6)
  2 gnoll sergeants
  A scorpion (D:7)
  3 killer bees (D:8)
  2 howler monkeys (D:8)
  4 orc priests
  2 hounds (D:6)
  2 jellies
  A gnoll bouda (D:9)
  4 iguanas
  2 sleepcaps
  13 orc wizards
  Robin (D:1)
  11 gnolls
  10 adders
  2 shadow imps
  A white imp (D:7)
  6 ufetubi (D:5)
  2 worms
  3 dart slugs
  18 orcs
  9 endoplasms
  2 giant cockroaches (D:2)
  17 goblins
  11 hobgoblins
  16 jackals
  A quokka (D:5)
  5 ball pythons
  5 bats
  3 frilled lizards
  24 kobolds
  4 rats
219 creatures vanquished.

Notes
Turn   | Place    | Note
-------+----------+-------------------------------------------
     0 | D:1      | senseless the Demigod Hunter began the quest for the Orb.
     0 | D:1      | Reached XP level 1. HP: 17/17 MP: 3/3
    92 | D:1      | Reached XP level 2. HP: 24/24 MP: 4/4
   740 | D:2      | Noticed Robin
   753 | D:1      | Reached XP level 3. HP: 6/30 MP: 5/5
   755 | D:1      | Reached skill level 4 in Ranged Weapons
   885 | D:1      | Killed Robin
  1668 | D:2      | Noticed Sigmund
  1684 | D:2      | Killed Sigmund
  1685 | D:2      | Reached XP level 4. HP: 10/38 MP: 6/6
  1685 | D:2      | Reached XP level 5. HP: 12/45 MP: 7/7
  2630 | D:3      | Reached XP level 6. HP: 52/52 MP: 8/8
  2969 | D:3      | Reached skill level 5 in Ranged Weapons
  3427 | D:4      | Noticed Grinder
  3433 | D:4      | Paralysed by Grinder for 3 turns
  3625 | D:4      | Killed Grinder
  3626 | D:4      | Reached XP level 7. HP: 60/60 MP: 9/9
  3642 | D:4      | Identified the +0 robe "Vuejam" {Rampage rPois}
  4246 | D:5      | Entered Level 5 of the Dungeon
  4450 | D:5      | Found a staircase to the Ecumenical Temple.
  4808 | D:5      | Reached skill level 5 in Fighting
  4977 | D:6      | Reached skill level 6 in Ranged Weapons
  4977 | D:6      | Reached skill level 5 in Dodging
  5080 | D:6      | Reached XP level 8. HP: 55/69 MP: 10/10
  5654 | D:6      | Reached skill level 7 in Ranged Weapons
  6165 | D:7      | Reached XP level 9. HP: 56/78 MP: 11/11
  6391 | D:7      | Noticed Jeremiah
  6404 | D:7      | Killed Jeremiah
  7038 | D:8      | Noticed Pikel
  7052 | D:8      | Killed Pikel
  7053 | D:8      | Reached skill level 8 in Ranged Weapons
  8041 | D:9      | Identified the +2 robe of the Buccaneer {rElec Str-3 SInv
                  | Stlth+}
  8180 | D:9      | Identified the +3 morningstar of Goschuasm {heavy, rN++}
  8710 | D:10     | Entered Level 10 of the Dungeon
  8761 | D:10     | Reached XP level 10. HP: 70/88 MP: 13/13
  8787 | D:10     | Noticed Lodul
  8823 | D:9      | Reached skill level 9 in Ranged Weapons
  8931 | D:9      | Killed Lodul
  9025 | D:10     | Noticed Nergalle
  9028 | D:10     | Noticed a spectral orc warlord
  9041 | D:10     | Slain by a spectral orc warlord

Illustrated notes

Levels and vault maps discovered:
D:1:      scummos_arrival_gate, layout_loops_ring, serial_park_tiny_2
D:2:      layout_basic, shapermc_ecumenical_altar_mp_ritualfount, basic_altar,
          roderic_serpentine_path, st_stairs_12, chequers_serial_rivers_small_3,
          uniq_robin, uniq_sigmund
D:3:      layout_loops_corners, minmay_checkerbox
D:4:      layout_loops_ring, uniq_grinder
D:5:      layout_basic, minmay_temple_entry_sparse_star
D:6:      layout_loops_ring
D:7:      layout_gridville, mainiacjoe_overflow_swirl, uniq_jeremiah
D:8:      layout_basic, serial_corexii_hall, corexii_hall_statues_l,
          chequers_hall_statues_corner_a, uniq_pikel
D:9:      layout_irregular_city, serial_rivers, chequers_serial_rivers_micro_b,
          chequers_serial_rivers_micro_a, chequers_serial_rivers_small_b,
          chequers_serial_rivers_large_a, kennysheep_crisscross,
          dreamdust_gnoll_shepherd
D:10:     layout_stronghold, ebering_ghost_gozag, uniq_lodul, uniq_nergalle

Skill      XL: |  1  2  3  4  5  6  7  8  9 10 |
---------------+-------------------------------+-----
Fighting       | 2 3 4 5 6 8 |  8.7
Dodging        | 2 3 4 5 6 8 |  8.6
Ranged Weapons | 4 5 6 7 8 9 |  9.1
Stealth        | |  0.8

Action                     |  1- 3 |  4- 6 |  7- 9 | 10-12 || total
---------------------------+-------+-------+-------+-------++-------
  Melee: Shortbow          |     3 |       |       |       ||     3
         Halberd           |       |    57 |   188 |    35 ||   280
   Fire: Shortbow          |   150 |    82 |    68 |       ||   300
         Orcbow            |       |       |   126 |    14 ||   140
  Evoke: Wand              |       |     1 |       |       ||     1
    Use: Potion            |     1 |       |       |       ||     1
         Scroll            |       |       |    20 |       ||    20
   Stab: Paralysed         |       |     4 |       |       ||     4
 Armour: Leather armour    |    75 |    59 |       |       ||   134
         Skin              |     7 |       |       |       ||     7
         Robe              |       |       |   157 |    31 ||   188
  Dodge: Dodged            |    81 |    55 |   287 |    62 ||   485

Table legend: (Time is in decaauts)
 A = Elapsed time spent in this place.
 B = Non-inter-level travel time spent in this place.
 C = Inter-level travel time spent in this place.
 D = Time resting spent in this place.
 E = Time spent auto-exploring this place.
 F = Levels seen in this place.
 G = Mean time per level.
                   A        B        C        D        E       F      G
               +--------+--------+--------+--------+--------+-----+--------+
         Total |   9229 |   8885 |    344 |    808 |   6597 |  10 |  922.9 |
       Dungeon |   9229 |   8885 |    344 |    808 |   6597 |  10 |  922.9 |
               +--------+--------+--------+--------+--------+-----+--------+

Top non-repeatable levels by time:
     D:3: 1333 daAuts
     D:1: 1215 daAuts
     D:2: 1135 daAuts
     D:9: 1118 daAuts
     D:7: 1006 daAuts
     D:8: 954 daAuts
     D:6: 908 daAuts
     D:5: 744 daAuts
     D:4: 648 daAuts
    D:10: 165 daAuts
